 Dungeon Crawl Stone Soup version 0.28-a0-1339-ga5422284a4 (webtiles) character file.

Game seed: 11195026383324734508

140191 Zonian the Warrior (level 17, -3/153 HPs)
             Began as a Djinni Ice Elementalist on Dec 28, 2021.
             Was a High Priest of Ashenzari.
             Slain by an entropy weaver (14 damage)
             ... on level 3 of the Spider Nest on Dec 29, 2021.
             The game lasted 02:52:10 (55846 turns).

Zonian the Warrior (Djinni Ice Elementalist)       Turns: 55846, Time: 02:52:10

Health: -3/153     AC: -2    Str:  9    XL:     17   Next: 90%
Gold:   3644       EV: 29    Int: 20    God:    Ashenzari [*****.] SH:  5 Dex: 23

rFire   + + .      SeeInvis +   W - +9 rapier "Share My Liberalism" {vorpal, rPois Will+ rCorr, Self, Melee} (curse)
rCold   x . .      Faith    .   X - orb {*channel}
rNeg    . . .      Spirit   .   p - +2 robe "Chained Shame" {Will+, Range, Cun} (curse)
rPois   ∞          Reflect  +   (no helmet)
rElec   .          Harm     .   b - scarf "Share My Discomfort" {shadows, Melee, Cun} (curse)
rCorr   +          Rampage  .   d - +0 pair of gloves of Ashenzari's Jealousy {Self, Range} (curse)
Will    +++..      Clarity  +   (boots unavailable)
Stlth   +++++++...              I - amulet "Restrained With Me" {Reflect SH+5, Cun, Self} (curse)
HPRegen 0.35/turn               x - ring of the Restrained Loss {Wiz, Fort, Evo} (curse)
MPRegen 0.00/turn               z - ring "Enlightened Negligence" {Dex+6, Cun, Evo} (curse)

@: corroded, freezing walls, flying
A: sickness immunity, fire resistance 2, cold vulnerability 1, float, innate
caster, hp casting, extra vitality 1
a: Renounce Religion, Curse Item, Shatter the Chains


You were on level 3 of the Spider Nest.
You worshipped Ashenzari.
Ashenzari was extremely pleased with you.
You visited 5 branches of the dungeon, and saw 27 of its levels.
You also visited: Sewer and Bailey.

You collected 3820 gold pieces.
You spent 176 gold pieces at shops.

Inventory:

Hand Weapons
 W - the cursed +9 rapier "Share My Liberalism" (weapon) {vorpal, rPois Will+ rCorr, Self, Melee}
   (You found it on level 6 of the Lair of Beasts)

   It inflicts extra damage upon your enemies.
   rPois:     It protects you from poison.
   rCorr:     It protects you from acid and corrosion.
   Will:      It increases your willpower.
   It has a curse which improves the following skills: Introspection: Fighting
   and Spellcasting.
   Melee Combat: Short Blades, Long Blades, Axes, Maces & Flails, Polearms,
   Staves and Unarmed Combat.
Missiles
 e - 123 poisoned darts
 m - 3 javelins
 t - 11 datura-tipped darts
 C - 5 boomerangs (quivered)
 K - 10 curare-tipped darts
 N - a throwing net
 R - 2 boomerangs of dispersal
 Z - 5 silver javelins
Armour
 a - a +0 robe
 b - the cursed scarf "Share My Discomfort" (worn) {shadows, Melee, Cun}
   (You bought it in a shop on level 3 of the Dungeon)

   It has a curse which improves the following skills: Melee Combat: Short
   Blades, Long Blades, Axes, Maces & Flails, Polearms, Staves and Unarmed
   Combat.
   Cunning:   Dodging and Stealth.
 c - a +0 leather armour
 d - the cursed +0 pair of gloves of Ashenzari's Jealousy (worn) {Self, Range}
   (You found it on level 2 of the Dungeon)

   It has a curse which improves the following skills: Introspection: Fighting
   and Spellcasting.
   Ranged Combat: Slings, Bows, Crossbows and Throwing.
 i - a +1 cloak
 j - a +3 scale mail
 p - the cursed +2 robe "Chained Shame" (worn) {Will+, Range, Cun}
   (You took it off Dowan on level 4 of the Dungeon)

   It has a curse which improves the following skills: Ranged Combat: Slings,
   Bows, Crossbows and Throwing.
   Cunning:   Dodging and Stealth.
 q - +1 steam dragon scales
 B - a +1 robe of cold resistance
 G - an orb of mayhem
 X - an orb of energy (worn)
Magical Staves
 f - a staff of death
Jewellery
 x - the cursed ring of the Restrained Loss (left hand) {Wiz, Fort, Evo}
   (You found it on level 6 of the Dungeon)

   [ring of wizardry]

   It improves your spell success rate.
   It has a curse which improves the following skills: Fortitude: Armour and
   Shields.
   Evocations: Evocations.
 z - the cursed ring "Enlightened Negligence" (right hand) {Dex+6, Cun, Evo}
   (You found it on level 7 of the Dungeon)

   [ring of dexterity]

   Dex:       It affects your dexterity (+6).
   It has a curse which improves the following skills: Cunning: Dodging and
   Stealth.
   Evocations: Evocations.
 I - the cursed amulet "Restrained With Me" (around neck) {Reflect SH+5, Cun, Self}
   (You found it on level 1 of the Lair of Beasts)

   [amulet of reflection]

   It reflects blocked missile attacks.
   SH:        It affects your SH (+5).
   It has a curse which improves the following skills: Cunning: Dodging and
   Stealth.
   Introspection: Fighting and Spellcasting.
 P - a ring of protection from fire
 T - a +6 ring of intelligence
Wands
 g - a wand of acid (6)
 h - a wand of polymorph (11)
 w - a wand of digging (11)
 D - a wand of paralysis (3)
 E - a wand of flame (25)
 M - a wand of iceblast (20)
 U - a wand of charming (9)
Scrolls
 l - a scroll of holy word
 r - 5 scrolls of teleportation
 s - 3 scrolls of enchant weapon
 u - 2 scrolls of fog
 v - 5 scrolls of blinking
 y - 6 scrolls of enchant armour
 H - 2 scrolls of silence
 L - 3 scrolls of fear
 O - 3 scrolls of magic mapping
 Q - 2 scrolls of summoning
 Y - 2 scrolls of brand weapon
Potions
 k - 2 potions of cancellation
 o - 7 potions of might
 A - 4 potions of curing
 F - 4 potions of invisibility
 V - 2 potions of brilliance
Miscellaneous
 n - a condenser vane


   Skills:
 - Level 18.9(24.1) Fighting
 - Level 9.8(14.0) Short Blades
 - Level 1.1(3.4) Polearms
 + Level 7.1(11.3) Throwing
 + Level 3.3(5.7) Armour
 - Level 12.5(19.2) Dodging
 - Level 9.0(15.6) Stealth
 + Level 12.7(18.2) Spellcasting
 + Level 11.1(15.2) Evocations


You had 11 spell levels left.
You knew the following spells:

 Your Spells              Type           Power      Damage    Failure   Level
a - Freeze                Ice            100%       1d11      0%          1
b - Frozen Ramparts       Ice            100%       1d12      0%          3
c - Ozocubu's Armour      Ice            74%        N/A       0%          3
d - Hailstorm             Conj/Ice       74%        3d15      0%          4
e - Apportation           Tloc           100%       N/A       0%          1
f - Blink                 Tloc           100%       N/A       0%          2
g - Summon Guardian Gole  Hex/Summ       74%        N/A       0%          3
h - Ignite Poison         Fire/Tmut/Pois 74%        N/A       0%          3
i - Ice Form              Ice/Tmut       74%        N/A       0%          4
j - Freezing Cloud        Conj/Ice/Air   37%        6-21      1%          5
k - Iron Shot             Conj/Erth      37%        9d7       1%          6
l - Conjure Ball Lightni  Conj/Air       37%        3x3d12    1%          6
Your spell library was empty.

Dungeon Overview and Level Annotations

Branches:
Dungeon (15/15)            Temple (0/1) D:7            Lair (6/6) D:8
 Shoals (0/4) Lair:4       Spider (3/4) Lair:3        Slime (1/5) Lair:5
    Orc (2/2) D:12            Elf (0/3) Orc:2        Vaults (0/5) D:14
 Depths (0/4) D:15          Sewer (visited)          Bailey (visited)

Altars:
Ashenzari
Cheibriados
Dithmenos
Hepliaklqana
Kikubaaqudgha
Makhleb
Nemelex Xobeh
Trog
Uskayaw
Wu Jian
Zin
Beogh
Jiyva

Shops:
D:1 =   D:3 [   D:9 :   Orc:2 ((=(*

Annotations:
D:5 1 runed translucent door, Crazy Yiuf
D:12 1 runed translucent door
Lair:4 3 runed translucent doors, gimp's ghost, journeyman DgWn
Spider:2 3 runed translucent doors, Anlewuag's ghost, adept GrBe


Innate Abilities, Weirdness & Mutations

You are immune to sickness and miasma.
You are immune to poison.
Your flesh is very heat resistant. (rF++)
You are vulnerable to cold. (rC-)
You float through the air rather than walking.
You learn spells naturally, not from books.
Your magical power is your life essence.
You have superior vitality. (+4 MHP)


Message History

The entropy weaver completely misses you.
The entropy weaver hits you. The entropy weaver hits you!
The wall freezes the meliai. x2; The meliai misses you.
The meliai barely misses you. The redback bites you!
* * * LOW HITPOINT WARNING * * *
The wall freezes the meliai.
The meliai closely misses you. x2
The wall freezes the entropy weaver.
The entropy weaver hits you.
* * * LOW HITPOINT WARNING * * *
You block the entropy weaver's attack. The entropy weaver hits you!
* * * LOW HITPOINT WARNING * * *
The entropy weaver hits you.
* * * LOW HITPOINT WARNING * * *
You feel much better.
The wall freezes the meliai. x2
The meliai closely misses you. You block the meliai's attack.
The wall freezes the meliai.
The meliai completely misses you. x2
The redback misses you.
The wall freezes the meliai. x2
The meliai completely misses you. x2; The wall freezes the entropy weaver!
The entropy weaver hits you!
* * * LOW HITPOINT WARNING * * *
You block the entropy weaver's attack.
The entropy weaver completely misses you.
The entropy weaver barely misses you.
The wall freezes the meliai.
The meliai mumbles some strange prayers to its god against you.
Something smites you!
* * * LOW HITPOINT WARNING * * *
You feel much better.
The wall freezes the meliai.
The wall freezes the meliai but does no damage.
The meliai completely misses you. x2; You block the redback's attack.
The wall freezes the meliai.
The meliai completely misses you. x2
The wall freezes the meliai.
You kill the meliai!
The wall freezes the meliai.
The meliai completely misses you. x2
The wall freezes the entropy weaver.
The entropy weaver hits you!
* * * LOW HITPOINT WARNING * * *
The entropy weaver hits you!
* * * LOW HITPOINT WARNING * * *
The entropy weaver hits you.
* * * LOW HITPOINT WARNING * * *
The entropy weaver hits you!
You die...

* , ,,^ , ...
**...........,
, ...
##.......... ,
,,.^.
#....#......,
,,,...
###....§§.s..
, ...
###§§§§§§....,
, ##^
##§§§§§§.....,
, * ##
##§yBs§§.....
,
##§#@y§##....
*, *
#########.,..
, * #
########## ,,
,** *#
########, ,
,*** , ,,,
,,**,,
,....#.... **,
. ........
*,.. ....... *
,...#......


You could see an entropy weaver, a tarantella, a redback and 2 meliai.

Vanquished Creatures
  Arachne (Spider:2)
  Rupert (D:13)
  A sphinx (D:12)
  Agnes (Spider:2)
  A frost giant (D:15)
  2 emperor scorpions (Spider:1)
  A ghost moth (Spider:1)
  5 entropy weavers
  A fire dragon (Lair:6)
  An ettin (D:14)
  Josephine (Orc:2)
  A yaktaur captain (D:12)
  5 boulder beetles
  A death knight (D:14)
  2 vault guards
  9 hydras
  2 jorogumos
  An alligator (Lair:6)
  2 catoblepae (Lair:6)
  2 centaur warriors
  2 ogre magi (Orc:2)
  3 tengu warriors
  15 two-headed ogres
  A death scarab (Spider:1)
  14 death yaks
  Sonja (Lair:1)
  Nergalle (Lair:1)
  2 pharaoh ants
  A sun moth (Spider:1)
  2 skeletal warriors (D:14)
  An orb spider (Spider:3)
  3 steelbarb worms
  A swamp dragon (Lair:6)
  An orc knight (D:12)
  2 deep trolls (Orc:2)
  3 deep elf pyromancers
  6 lindwurms
  A wizard (D:15)
  A phantasmal warrior (D:14)
  19 wolf spiders
  7 cyclopes
  8 manticores
  2 ugly things
  A moth of wrath (Spider:2)
  A faun (shapeshifter) (D:14)
  13 elephants
  6 black mambas
  A gargoyle (D:12)
  14 cane toads
  4 torpor snails
  A yaktaur (D:12)
  4 demonic crawlers
  3 kobold demonologists
  2 efreet (D:15)
  2 freezing wraiths (D:14)
  9 komodo dragons
  A tengu conjurer (D:13)
  10 rime drakes
  13 trolls
  3 polar bears
  A meliai (Spider:3)
  2 merfolk (Lair:4)
  6 blink frogs
  18 tarantellas
  Prince Ribbit (D:5)
  3 slime creatures (D:14)
  The ghost of hgbash the Magician, an amateur DjFE (D:4)
  6 dream sheep
  4 hornets
  Grinder (D:4)
  2 centaur simulacra (D:14)
  12 jumping spiders
  16 culicivoras
  4 wyverns
  A vampire (D:14)
  8 wraiths
  A steam dragon (Lair:6)
  25 yaks
  Eustachio (D:5)
  4 humans (Bailey)
  11 basilisks
  36 redbacks
  Edmund (D:4)
  13 water moccasins
  3 acid dragons
  Duvessa (D:4)
  19 orc warriors
  4 sky beasts
  3 swamp drakes (Lair:6)
  A black bear (Lair:5)
  3 ice beasts
  20 ogres
  2 necrophages
  6 boggarts (D:15)
  24 wolves
  3 centaurs
  A phantom (D:4)
  3 kobold brigands
  21 bullfrogs
  6 scorpions
  A wyvern zombie (D:6)
  2 water moccasin zombies (D:6)
  Dowan (D:4)
  3 killer bees (D:5)
  12 wights
  4 electric eels (D:8)
  3 jellies
  5 howler monkeys
  5 centaur zombies
  A bullfrog zombie (D:7)
  20 orc priests
  A bullfrog skeleton (D:5)
  A gnoll shaman (D:6)
  2 centaur skeletons
  7 iguanas
  Jessica (D:2)
  A scorpion zombie (D:4)
  21 orc wizards
  A killer bee zombie (D:6)
  A howler monkey zombie (D:5)
  5 gnolls (D:6)
  7 adders
  A river rat (Sewer)
  A shadow imp (D:6)
  4 white imps
  2 ufetubi
  3 worms
  2 dart slugs
  76 orcs
  9 ball pythons
  8 endoplasms
  8 giant cockroaches
  11 goblins
  9 hobgoblins
  9 jackals
  4 quokkas
  A bat (D:2)
  6 frilled lizards
  16 kobolds
  14 rats
813 creatures vanquished.

Vanquished Creatures (others)
  A steelbarb worm (Spider:2)
  A culicivora (Spider:1)
  A yak (Lair:6)
  A swamp drake (Lair:6)
  2 iguanas (Lair:6)
  5 ball lightnings
  63 fungi
  100 plants
174 creatures vanquished.

Grand Total: 987 creatures vanquished

Notes
Turn   | Place    | Note
-------+----------+-------------------------------------------
     0 | D:1      | Zonian the Djinni Ice Elementalist began the quest for the
                  | Orb.
     0 | D:1      | Reached XP level 1. HP: 15/15 MP: 0/0
   501 | D:1      | Found a faded altar of an unknown god.
   521 | D:1      | Found Detakk's Jewellery Shoppe.
   534 | D:1      | Reached XP level 2. HP: 19/21 MP: 0/0
  1606 | D:2      | Reached XP level 3. HP: 20/25 MP: 0/0
  1606 | D:2      | Learned a level 1 spell: Apportation
  2245 | D:2      | Found a broken altar of Ashenzari.
  2688 | D:2      | Became a worshipper of Ashenzari the Shackled
  2962 | D:2      | Reached XP level 4. HP: 24/31 MP: 0/0
  3298 | D:2      | Noticed Jessica
  3301 | D:2      | Killed Jessica
  4296 | D:3      | Found a glowing drain.
  4309 | D:3      | Reached XP level 5. HP: 34/35 MP: 0/0
  4309 | D:3      | Learned a level 2 spell: Blink
  4314 | Sewer    | Entered a sewer
  5396 | Sewer    | Noticed a kobold brigand
  5402 | Sewer    | Killed a kobold brigand
  5403 | Sewer    | Reached XP level 6. HP: 31/40 MP: 0/0
  6325 | D:3      | Found Inoig's Armour Boutique.
  6343 | D:3      | Noticed a necrophage
  6388 | D:3      | Killed a necrophage
  6389 | D:3      | Reached XP level 7. HP: 26/45 MP: 0/0
  6389 | D:3      | Learned a level 3 spell: Summon Guardian Golem
  7081 | D:3      | Identified a scroll of acquirement
  7081 | D:3      | Acquired a manual of Fighting
  7435 | D:4      | Found a transporter.
  7436 | D:4      | Noticed hgbash's ghost (amateur DjFE)
  7443 | D:4      | Found a transporter.
  7815 | D:4      | Reached skill level 1 in Fighting
  7823 | D:4      | Found a sparkling altar of Nemelex Xobeh.
  8015 | D:4      | Noticed Edmund
  8223 | D:4      | Noticed Grinder
  8240 | D:4      | Noticed Duvessa
  8240 | D:4      | Noticed Dowan
  8512 | D:3      | Bought a scarf of shadows for 144 gold pieces
  8522 | D:3      | Reached * piety under Ashenzari
  8630 | D:4      | Reached skill level 5 in Dodging
  8858 | D:5      | Entered Level 5 of the Dungeon
  8937 | D:5      | Reached skill level 2 in Fighting
  9715 | D:5      | Reached XP level 8. HP: 51/58 MP: 0/0
  9716 | D:5      | Reached skill level 3 in Fighting
  9771 | D:5      | Noticed Prince Ribbit
  9786 | D:5      | Killed Prince Ribbit
  9787 | D:5      | Reached skill level 4 in Fighting
  9787 | D:5      | Reached skill level 5 in Spellcasting
  9857 | D:5      | Identified the cursed +0 pair of gloves of Ashenzari's
                  | Jealousy {Self, Range} (You found it on level 2 of the
                  | Dungeon)
 10458 | D:4      | Killed Duvessa
 10464 | D:4      | Killed Dowan
 10465 | D:4      | Reached skill level 5 in Stealth
 11044 | D:5      | Noticed Eustachio
 11066 | D:5      | Reached skill level 5 in Fighting
 11257 | D:5      | Reached ** piety under Ashenzari
 11291 | D:5      | Reached XP level 9. HP: 65/67 MP: 0/0
 11291 | D:5      | Learned a level 3 spell: Ignite Poison
 11435 | D:5      | Killed Eustachio
 11646 | D:5      | Found a runed translucent door.
 11647 | D:5      | Noticed Crazy Yiuf
 11926 | D:6      | Reached skill level 6 in Fighting
 12522 | D:6      | Identified Idide's Grimoire of Retrieval
 13380 | D:6      | Reached skill level 7 in Fighting
 13859 | D:6      | Reached *** piety under Ashenzari
 14179 | D:6      | Found a bloodstained altar of Trog.
 14743 | D:7      | Found a staircase to the Ecumenical Temple.
 14813 | D:7      | Found a flagged portal.
 14824 | D:7      | Reached skill level 1 in Short Blades
 14824 | D:7      | Reached skill level 1 in Throwing
 14824 | D:7      | Reached XP level 10. HP: 73/78 MP: 0/0
 14847 | Bailey   | Entered a bailey
 15354 | Bailey   | Reached skill level 8 in Fighting
 15715 | Bailey   | Noticed a vault guard
 15727 | Bailey   | Noticed a vault guard
 15739 | Bailey   | Killed a vault guard
 16526 | D:7      | Found a large runed translucent door.
 16527 | D:7      | Found a large runed translucent door.
 16539 | D:7      | Found a glowing silver altar of Zin.
 16728 | D:7      | Found a hide-covered altar of Uskayaw.
 16765 | D:7      | Reached skill level 9 in Fighting
 17203 | D:8      | Reached XP level 11. HP: 87/87 MP: 0/0
 17203 | D:8      | Learned a level 4 spell: Ice Form
 17208 | D:8      | Upgraded the game from 0.28-a0-1312-g71652a0310 to
                  | 0.28-a0-1339-ga5422284a4
 17510 | D:8      | Reached skill level 1 in Polearms
 18175 | D:8      | Found a shadowy altar of Dithmenos.
 18437 | D:8      | Found a staircase to the Lair.
 18893 | Lair:1   | Entered Level 1 of the Lair of Beasts
 19512 | Lair:1   | Reached skill level 10 in Fighting
 19562 | Lair:1   | Noticed Sonja
 20391 | Lair:1   | Reached **** piety under Ashenzari
 20397 | Lair:1   | Noticed Nergalle
 20488 | Lair:1   | Killed Sonja
 20758 | Lair:1   | Killed Nergalle
 20759 | Lair:1   | Reached XP level 12. HP: 76/100 MP: 0/0
 21748 | Lair:2   | Reached skill level 5 in Short Blades
 21748 | Lair:2   | Reached skill level 1 in Evocations
 21995 | Lair:2   | Reached skill level 11 in Fighting
 22639 | Lair:2   | Reached skill level 10 in Dodging
 23862 | Lair:3   | Noticed an eight-headed hydra
 23886 | Lair:3   | Reached skill level 5 in Throwing
 23890 | Lair:3   | Noticed a four-headed hydra
 23930 | Lair:3   | Killed a four-headed hydra
 23990 | Lair:3   | Noticed an eight-headed hydra
 24002 | Lair:3   | Killed an eight-headed hydra
 25063 | Lair:3   | Found a hole to the Spider Nest.
 25127 | Lair:3   | Reached XP level 13. HP: 106/108 MP: 0/0
 25127 | Lair:3   | Learned a level 5 spell: Freezing Cloud
 25271 | Lair:3   | Killed an eight-headed hydra
 26093 | Lair:3   | Identified the cursed +2 robe "Chained Shame" {Will+,
                  | Range, Cun} (You took it off Dowan on level 4 of the
                  | Dungeon)
 26476 | Lair:4   | Reached skill level 12 in Fighting
 26835 | Lair:4   | Noticed an acid blob
 26835 | Lair:4   | Noticed an azure jelly
 26837 | Lair:4   | Found a viscous altar of Jiyva.
 26847 | Lair:4   | Noticed an acid blob
 26894 | Lair:4   | Found a runed translucent gate.
 26894 | Lair:4   | Found a runed translucent gate.
 26894 | Lair:4   | Found a runed translucent gate.
 26894 | Lair:4   | Noticed an acid blob
 26894 | Lair:4   | Noticed an acid blob
 26894 | Lair:4   | Noticed an azure jelly
 26894 | Lair:4   | Noticed an azure jelly
 26894 | Lair:4   | Noticed gimp's ghost (journeyman DgWn)
 26894 | Lair:4   | Noticed an acid blob
 26894 | Lair:4   | Noticed an azure jelly
 27521 | Lair:4   | Found a staircase to the Shoals.
 28721 | Lair:5   | Noticed a boulder beetle
 28728 | Lair:5   | Killed a boulder beetle
 28756 | Lair:5   | Found a staircase to the Slime Pits.
 28757 | Lair:5   | Found a viscous altar of Jiyva.
 28784 | Lair:5   | Noticed a boulder beetle
 28803 | Lair:5   | Killed a boulder beetle
 28804 | Lair:5   | Reached skill level 5 in Evocations
 29197 | Lair:5   | Reached skill level 13 in Fighting
 29249 | Lair:5   | Reached XP level 14. HP: 85/114 MP: 0/0
 29288 | Lair:5   | Acquired a manual of Fighting
 29836 | Lair:6   | Entered Level 6 of the Lair of Beasts
 29908 | Lair:6   | Reached skill level 14 in Fighting
 31129 | Lair:6   | Reached skill level 15 in Fighting
 31485 | Slime:1  | Entered Level 1 of the Pits of Slime
 32798 | Lair:6   | Identified the +9 rapier "Sarcophage" {vorpal, rPois Will+
                  | rCorr}
 33110 | Lair:6   | Reached ***** piety under Ashenzari
 33221 | Lair:6   | Reached XP level 15. HP: 76/133 MP: 0/0
 33221 | Lair:6   | Learned a level 6 spell: Iron Shot
 33223 | Lair:6   | Reached skill level 16 in Fighting
 33696 | Lair:6   | Found the +7 sceptre of Torment {pain, torment}
 34152 | D:9      | Found a burning altar of Makhleb.
 34166 | D:9      | Found a snail-covered altar of Cheibriados.
 34327 | D:9      | Found Wedir's Book Emporium.
 34460 | D:9      | Identified the +1 buckler of Ymuerche {*Corrode *Slow +Inv
                  | rN++ Regen+}
 34834 | D:10     | Entered Level 10 of the Dungeon
 35302 | D:10     | Found an ornate altar of the Wu Jian Council.
 35306 | D:10     | Found a hazy altar of Hepliaklqana.
 35336 | D:10     | Acquired 872 gold pieces
 35802 | D:11     | Reached skill level 17 in Fighting
 36520 | D:11     | Identified the +7 falchion of Law {protect, Int+2 Dex+3}
 37315 | D:12     | Found a staircase to the Orcish Mines.
 37624 | D:12     | Reached skill level 10 in Spellcasting
 37648 | D:12     | Found a runed translucent door.
 37655 | D:12     | Noticed a sphinx
 37657 | D:12     | Reached skill level 18 in Fighting
 38059 | D:12     | Found a runed translucent door.
 38321 | D:13     | Noticed Rupert
 38340 | D:13     | Killed Rupert
 39839 | D:14     | Reached XP level 16. HP: 85/147 MP: 0/0
 41044 | D:14     | Found a gate to the Vaults.
 41590 | D:15     | Entered Level 15 of the Dungeon
 41723 | D:15     | Found a staircase to the Depths.
 41723 | D:15     | Noticed a frost giant
 41732 | D:15     | Killed a frost giant
 42905 | D:12     | Killed a sphinx
 43140 | D:12     | Identified the ring "Ogikuc" {Will+ EV+4}
 43142 | D:12     | Noticed a frost giant
 43142 | D:12     | Noticed a shadow dragon
 43181 | Orc:1    | Entered Level 1 of the Orcish Mines
 43380 | Orc:2    | Entered Level 2 of the Orcish Mines
 43545 | Orc:2    | Noticed Josephine
 43552 | Orc:2    | Killed Josephine
 43918 | Orc:2    | Found a staircase to the Elven Halls.
 43928 | Orc:2    | Found Xumoci's Antique Weapon Shop.
 45171 | Orc:2    | Found Jygush's Jewellery Boutique.
 45173 | Orc:2    | Found Heuryne's Assorted Antiques.
 45181 | Orc:2    | Found Yvushron's Antique Weapon Shop.
 45182 | Orc:2    | Found Plog's Antique Weapon Shop.
 45183 | Orc:2    | Bought a scroll labelled GAEQUNLUNGU for 32 gold pieces
 46475 | D:4      | Killed Edmund
 46519 | D:4      | Killed hgbash's ghost
 46729 | D:4      | Killed Grinder
 47216 | Spider:1 | Entered Level 1 of the Spider Nest
 47788 | Spider:1 | Noticed an emperor scorpion
 47824 | Spider:1 | Reached XP level 17. HP: 106/153 MP: 0/0
 47824 | Spider:1 | Learned a level 6 spell: Conjure Ball Lightning
 51118 | Spider:2 | Noticed Arachne
 51124 | Spider:2 | Killed Arachne
 51125 | Spider:2 | Reached skill level 10 in Evocations
 51161 | Spider:2 | Found a runed translucent gate.
 51162 | Spider:2 | Found a runed translucent gate.
 51163 | Spider:2 | Found a runed translucent gate.
 51164 | Spider:2 | Noticed Anlewuag's ghost (adept GrBe)
 52694 | Spider:2 | Reached skill level 1 in Armour
 53818 | Spider:2 | Noticed Agnes
 53829 | Spider:2 | Killed Agnes
 55673 | Spider:3 | Identified the +6 trident "Hydraslayer" {flame, MP+9 SInv}
 55846 | Spider:3 | Slain by an entropy weaver

Illustrated notes

Levels and vault maps discovered:
D:1:      kilobyte_arrival_exit_the_forest, layout_rooms,
          dreamdust_ecumenical_altar_statues, serial_shops,
          nicolae_shop_statue_plus
D:2:      layout_basic, basic_altar, uniq_jessica
D:3:      layout_basic, cheibrodos_sewer_entry_drain, serial_shops, shop
D:4:      layout_loops_corners, nemelex_dance_club_becter,
          gammafunk_ghost_arena, uniq_duvessa, uniq_blork_the_orc, uniq_grinder,
          uniq_edmund
D:5:      layout_rooms, item_on_display_a, uniq_prince_ribbit1, uniq_eustachio,
          uniq_crazy_yiuf_cottage
D:6:      layout_loops_ring, trog_book
D:7:      layout_basic, jmf_multi_god_temple2, temple_green, enter_bailey_5,
          roderic_lattice_a
D:8:      layout_loops_ring, mainiacjoe_overflow_big_doors,
          grunt_lair_entry_orc_guard_hut, kennysheep_boxes
D:9:      layout_big_octagon, nicolae_overflow_crystal_walls,
          kennysheep_mini_moat, serial_column_ruins, column_ruins_circle_small,
          column_ruins_columns_straight, column_ruins_open_large,
          column_ruins_open_tiny_water, column_ruins_open_tiny,
          column_ruins_columns_straight, column_ruins_open_small,
          kennysheep_windowed_goal
D:10:     layout_long_grid, gammafunk_temple_overflow_elements
D:11:     layout_cave_pods, minmay_lindwurm_lava
D:12:     minmay_expanding_circles, layout_irregular_city, david_orc_5
D:13:     layout_basic, serial_glass, glass_columns_c, glass_columns_c,
          uniq_rupert
D:14:     layout_grid_maze, david_vaults_4, moated_statue, bh_walls_and_bars
D:15:     grunt_enter_depths_snipers, layout_loops_corners,
          hangedman_decor_diamond_cutter
Lair:1:   layout_gridlike, uniq_sonja, uniq_nergalle
Lair:2:   layout_gridlike, lemuel_fruit_tree
Lair:3:   layout_gridlike, nicolae_spider_entry_non_spiders, grunt_megastairs_2,
          infiniplex_staircase_pool_2
Lair:4:   layout_misc_corridors, elwin_shoals_entry_rooms, gammafunk_ghost_ooze,
          guppyfry_lair_drakes
Lair:5:   layout_loops_ring, slime_altar_1, minmay_lair_drake_nest
Lair:6:   hangedman_lair_in_review, layout_cave_shapes,
          guppyfry_lair_end_dragon, nicolae_lair_lakeside_cave,
          serial_bayou_shore_b
Spider:1: layout_spider_delve, guppyfry_spider_mini_1
Spider:2: layout_chambers, gammafunk_ghost_necromancy,
          nicolae_spider_webbed_stairs, uniq_arachne, uniq_agnes
Spider:3: layout_spider_delve, nicolae_spider_altar_of_dancing
Slime:1:  layout_caves, basic_altar
Orc:1:    layout_caves
Orc:2:    st_orc_open, layout_caves, serial_shops, shop, uniq_josephine

Skill      XL: |  1  2  3  4  5  6  7  8  9 10 11 12 13 14 15 16 17 |
---------------+----------------------------------------------------+-----
Stealth        | 2 3 4 5 6 7 8 9 |  9.0
Dodging        | 3 4 5 6 7 8 9 10 11 12 | 12.5
Spellcasting   | 4 5 6 7 8 9 10 11 12 | 12.7
Fighting       | 2 5 7 9 10 11 13 15 18 | 18.9
Short Blades   | 1 3 4 5 6 8 9 |  9.8
Throwing       | 1 2 4 5 6 7 |  7.1
Polearms       | 1 |  1.1
Evocations     | 3 5 8 11 | 11.1
Armour         | 3 |  3.3

Action                   |  1- 3 |  4- 6 |  7- 9 | 10-12 | 13-15 | 16-18 || total
-------------------------+-------+-------+-------+-------+-------+-------++-------
Melee: Unarmed           |     3 |       |       |       |    76 |       ||    79
       Dagger            |    26 |    39 |       |       |       |       ||    65
       Short sword       |       |    49 |   291 |   486 |   391 |       ||  1217
       Punch             |       |       |       |     1 |     4 |       ||     5
       Trident           |       |       |       |    24 |       |       ||    24
       Rapier            |       |       |       |       |   321 |   661 ||   982
Throw: Dart              |       |       |    19 |     2 |     1 |     3 ||    25
       Throwing net      |       |       |       |     2 |     1 |       ||     3
       Boomerang         |       |       |       |    11 |    37 |   142 ||   190
       Javelin           |       |       |       |       |       |     3 ||     3
 Cast: Freeze            |    52 |    56 |    29 |    13 |       |       ||   150
       Frozen Ramparts   |       |     2 |    20 |    30 |    28 |    19 ||    99
       Ozocubu's Armour  |       |     1 |     8 |     7 |     1 |     1 ||    18
       Blink             |       |       |     4 |     9 |    18 |    14 ||    45
       Hailstorm         |       |       |     4 |     6 |    39 |    23 ||    72
       Apportation       |       |       |     1 |       |       |       ||     1
       Summon Guardian G |       |       |       |     1 |       |       ||     1
       Freezing Cloud    |       |       |       |       |    18 |    13 ||    31
       Ice Form          |       |       |       |       |     3 |       ||     3
       Iron Shot         |       |       |       |       |    14 |    65 ||    79
       Conjure Ball Ligh |       |       |       |       |       |     2 ||     2
Invok: Curse Item        |       |     1 |     3 |     2 |     1 |       ||     7
Evoke: Condenser vane    |       |       |       |     1 |     2 |     1 ||     4
       Wand              |       |       |       |       |    11 |    20 ||    31
  Use: Scroll            |     1 |     6 |     4 |     4 |     5 |     2 ||    22
       Potion            |       |       |     3 |     2 |       |     3 ||     8
 Stab: Sleeping          |       |     5 |    17 |    29 |    43 |    23 ||   117
       Distracted        |       |       |     2 |     2 |     2 |     2 ||     8
       Held in net/web   |       |       |       |       |     1 |       ||     1
       Paralysed         |       |       |       |       |       |     1 ||     1
Armor: Robe              |    20 |    23 |    79 |    53 |    45 |    33 ||   253
       Skin              |       |       |    10 |       |    13 |       ||    23
Dodge: Dodged            |    43 |    68 |   227 |   472 |   568 |   603 ||  1981
Block: Other             |       |       |       |    67 |   136 |    35 ||   238
       Reflection        |       |       |       |     1 |     2 |       ||     3
       Orb               |       |       |       |       |       |    77 ||    77

Table legend: (Time is in decaauts)
 A = Elapsed time spent in this place.
 B = Non-inter-level travel time spent in this place.
 C = Inter-level travel time spent in this place.
 D = Time resting spent in this place.
 E = Time spent auto-exploring this place.
 F = Levels seen in this place.
 G = Mean time per level.
                   A        B        C        D        E       F      G
               +--------+--------+--------+--------+--------+-----+--------+
         Total |  55149 |  53648 |   1501 |  30428 |  13231 |  29 | 1901.7 |
       Dungeon |  26050 |  25061 |    989 |  12182 |   7936 |  15 | 1736.7 |
          Lair |  15838 |  15448 |    390 |   9721 |   2915 |   6 | 2639.7 |
   Spider Nest |   7604 |   7554 |     50 |   5247 |   1177 |   3 | 2534.7 |
    Slime Pits |      1 |      1 |      0 |      0 |      0 |   1 |    1.0 |
  Orcish Mines |   3019 |   2948 |     71 |   1445 |    983 |   2 | 1509.5 |
         Sewer |   1711 |   1711 |      0 |   1115 |    220 |   1 | 1711.0 |
        Bailey |    923 |    923 |      0 |    718 |      0 |   1 |  923.0 |
               +--------+--------+--------+--------+--------+-----+--------+

Top non-repeatable levels by time:
Spider:2: 4129 daAuts
  Lair:6: 3666 daAuts
  Lair:3: 3586 daAuts
Spider:1: 3228 daAuts
     D:2: 2654 daAuts
     D:6: 2635 daAuts
   Orc:2: 2601 daAuts
     D:5: 2512 daAuts
  Lair:2: 2508 daAuts
    D:14: 2453 daAuts
  Lair:1: 2423 daAuts
     D:4: 2354 daAuts
  Lair:4: 2070 daAuts
     D:8: 1867 daAuts
     D:7: 1767 daAuts
